 Dungeon Crawl Stone Soup version 0.14.1 (webtiles) character file.

144 Kae the Firebug (level 3, 0/19 HPs)
             Began as a Deep Elf Fire Elementalist on Apr 30, 2014.
             Slain by a kobold
             ... wielding a +0,+3 dagger
              (3 damage)
             ... on Level 2 of the Dungeon.
             The game lasted 00:02:33 (1193 turns).

Kae the Firebug (Deep Elf Fire Elementalist)        Turns: 1193, Time: 00:02:33

HP   0/19        AC  3     Str  6      XL: 3   Next: 82%
MP   3/11        EV 13     Int 19      God:
Gold 84          SH  0     Dex 15      Spells:  1 memorised,  8 levels left

rFire  . . .     SeeInvis .     p - +0 rod of striking (14/14)
rCold  . . .     Clarity  .     a - +0 robe
rNeg   . . .     Conserve .     (no shield)
rPois  .         rCorr    .     (no helmet)
rElec  .         rRot     .     (no cloak)
SustAb . .       Spirit   .     n - +0 pair of gloves
rMut   .         Warding  .     (no boots)
Saprov . . .     Stasis   .     (no amulet)
MR     .....                    (no ring)
                                (no ring)

@: lethally poisoned, not resistant to hostile enchantments, fairly stealthy
A: no striking features
a: no special abilities


You were on level 2 of the Dungeon.
You were hungry.

You visited 1 branch of the dungeon, and saw 2 of its levels.

You collected 84 gold pieces.

Inventory:

Armour
 a - a +0 robe (worn)
 n - a +0 pair of gloves (worn)
Comestibles
 c - 3 bread rations
 l - a choko
Scrolls
 e - a scroll of enchant weapon II {unknown}
 h - a scroll of teleportation {unknown}
 i - a scroll of identify {unknown}
 k - a scroll of blinking {unknown}
 o - a scroll of magic mapping {unknown}
Jewellery
 d - an uncursed amulet of stasis {unknown}
Potions
 f - a potion of curing {unknown}
 g - 3 potions of might {unknown}
 j - a potion of heal wounds {unknown}
 m - a potion of flight {unknown}
 q - a potion of poison {unknown}
Books
 b - a book of Flames

   Spells                             Type                      Level
   *Flame Tongue                      Conjuration/Fire             1
   Throw Flame                        Conjuration/Fire             2
   Conjure Flame                      Conjuration/Fire             3
   Inner Flame                        Hexes/Fire                   3
   Sticky Flame                       Conjuration/Fire             4
   Fireball                           Conjuration/Fire             5
Rods
 p - a +0 rod of striking (14/14) (weapon)
   (You found it on level 2 of the Dungeon)


   Skills:
 - Level 2.4 Dodging
 - Level 2.4 Stealth
 + Level 3.7 Spellcasting
 * Level 2.4 Conjurations
 * Level 4.2 Fire Magic


You had 8 spell levels left.
You knew the following spells:

 Your Spells              Type           Power        Failure   Level  Hunger
a - Flame Tongue          Conj/Fire      ###..        4%          1    None


Dungeon Overview and Level Annotations

Branches:
Dungeon (2/15)

Altars:


Message History

The adder is severely wounded.
* * * LOW HITPOINT WARNING * * *
You feel sick. The adder barely misses you. The kobold completely misses you.
The adder barely misses you.
Casting: Flame Tongue
Confirm with . or Enter, or press ? or * to list all spells.
Aiming: Flame Tongue
Press: ? - help, Shift-Dir - straight line, f/p - adder
Aim: an adder (severely wounded)
The flame tongue hits the adder.
You kill the adder!
The kobold hits you with a dagger.
* * * LOW HITPOINT WARNING * * *
Casting: Flame Tongue
Confirm with . or Enter, or press ? or * to list all spells.
Aiming: Flame Tongue
Press: ? - help, Shift-Dir - straight line, f - kobold
Aim: a kobold, wielding a dagger The flame tongue misses the kobold.
The kobold hits you with a dagger.
You die...

....%....# ### #....#
......##.# ......#
#....# ......#
.......# ####....###
......# #.......#
#.......#.. ......#
#.......# #....#.#
......# #.#.......###
#......# ......#
#........>.. #....###
......# #.....%K#
##.### ......#
#.....@.# #.## ##.####
#####(### #..# ...#
#..# ##.# #######
###.###### #.# ......#
#........# ####.####
......# #........#
###....[... ......#
#........###..........
......#
#..........<.#........
......#
#........#####........


You could see a kobold.

Vanquished Creatures
  3 adders (D:2)
  2 giant geckos (D:2)
  2 giant cockroaches (D:2)
  5 goblins
  A hobgoblin (D:2)
  A quokka (D:2)
  6 bats
  4 giant newts
  4 kobolds
  6 rats
34 creatures vanquished.

Notes
Turn   | Place    | Note
--------------------------------------------------------------
     0 | D:1      | Kae, the Deep Elf Fire Elementalist, began the quest for the Orb.
     0 | D:1      | Reached XP level 1. HP: 10/10 MP: 5/5
   502 | D:1      | Reached XP level 2. HP: 15/15 MP: 6/8
   877 | D:2      | Reached skill level 4 in Fire Magic
   877 | D:2      | Reached XP level 3. HP: 19/19 MP: 9/11
  1132 | D:2      | Identified a +0 rod of striking (14/14) (You found it on level 2 of the Dungeon)
  1193 | D:2      | Slain by a kobold

Action                   || total
-------------------------++-------
Melee: Unarmed           ||    17
       Rod               ||     1
 Cast: Flame Tongue      ||    52
